TOP OF THE 1ST |
Spokane Indians batting - Pitching for Chicago (NYP) White Sox : RHP Yasushi Osumi
|
Pitching: RHP Yasushi Osumi
|
|
Batting: LHB Walter Vegter
|
0-0: Ball 1-0: Foul Ball, location: 2F 1-1: Ball 2-1: Ball 3-1: Bunt missed! 3-2: Fly out, F9 (Flyball, 9LM, EV 93.1 MPH)
|
Batting: RHB Rick Concha
|
0-0: Foul Ball, location: 2F 0-1: Ball 1-1: Ball 2-1: Foul Ball, location: 2F 2-2: Foul Ball, location: 2F 2-2: SINGLE (Flyball, 8RS, EV 90.0 MPH)
|
Batting: RHB Mike Thornton
|
0-0: Foul Ball, location: 2F 0-1: Ball 1-1: Ball Rick Concha steals 2nd base (no throw) 2-1: Called Strike 2-2: Strikes out swinging
|
Batting: LHB Nick Foutz
|
0-0: Ball 1-0: Called Strike 1-1: Foul Ball, location: 2F 1-2: Strikes out swinging
|
Top of the 1st over - 0 runs, 1 hit, 0 errors, 1 left on base; Spokane 0 - Chicago (NYP) 0 |
BOTTOM OF THE 1ST |
Chicago (NYP) White Sox batting - Pitching for Spokane Indians : RHP Raul Sanchez
|
Pitching: RHP Raul Sanchez
|
|
Batting: SHB Tomas Caldera
|
0-0: Called Strike 0-1: Ball 1-1: Called Strike 1-2: Foul Ball, location: 2F 1-2: Foul Ball, location: 2F 1-2: Foul Ball, location: 2F 1-2: Foul Ball, location: 2F 1-2: Strikes out swinging
|
Batting: SHB Veit Geisler
|
0-0: Ball 1-0: Ball 2-0: Called Strike 2-1: Foul Ball, location: 2F 2-2: SINGLE (Line Drive, 8LS, EV 102.5 MPH)
|
Batting: RHB Tony Garcia
|
0-0: Called Strike 0-1: Ball 1-1: Ball 2-1: Ball 3-1: Foul Ball, location: 2F 3-2: Base on Balls Veit Geisler to second
|
Batting: SHB Andres Agudo
|
0-0: Called Strike Veit Geisler steals 3rd base 0-1: Ball 1-1: Ball 2-1: Called Strike 2-2: Strikes out swinging
|
Batting: RHB Tyrell Camp
|
0-0: Ball 1-0: Ball 2-0: Foul Ball, location: 2F 2-1: Swinging Strike 2-2: Strikes out swinging
|
Bottom of the 1st over - 0 runs, 1 hit, 0 errors, 2 left on base; Spokane 0 - Chicago (NYP) 0 |
TOP OF THE 2ND |
Spokane Indians batting - Pitching for Chicago (NYP) White Sox : RHP Yasushi Osumi
|
Batting: LHB Mike Sammons
|
0-0: Ball 1-0: Foul Ball, location: 2F 1-1: Called Strike 1-2: Foul Ball, location: 2F 1-2: Ball 2-2: Strikes out swinging
|
Batting: RHB Vinny Luna
|
0-0: Foul Ball, location: 2F 0-1: Called Strike 0-2: Foul Ball, location: 2F 0-2: Strikes out swinging
|
Batting: RHB Jason Swisher
|
0-0: Called Strike 0-1: Called Strike 0-2: Ball 1-2: Ground out 6-3 (Groundball, 6M, EV 79.4 MPH)
|
Top of the 2nd over - 0 runs, 0 hits, 0 errors, 0 left on base; Spokane 0 - Chicago (NYP) 0 |
BOTTOM OF THE 2ND |
Chicago (NYP) White Sox batting - Pitching for Spokane Indians : RHP Raul Sanchez
|
Batting: LHB Steve Roepke
|
0-0: Swinging Strike 0-1: Ball 1-1: Fly out, F8 (Line Drive, 8RD, EV 106.9 MPH)
|
Batting: RHB Yorkis Saiki
|
0-0: Called Strike 0-1: Swinging Strike 0-2: Ground out 3-1 (Groundball, 34, EV 80.0 MPH)
|
Batting: RHB Jake Feinstein
|
0-0: Called Strike 0-1: Ball 1-1: Foul Ball, location: 2F 1-2: Foul Ball, location: 2F 1-2: Foul Ball, location: 2F 1-2: Ball 2-2: Ground out U3 (Groundball, 34S, EV 69.4 MPH)
|
Bottom of the 2nd over - 0 runs, 0 hits, 0 errors, 0 left on base; Spokane 0 - Chicago (NYP) 0 |
TOP OF THE 3RD |
Spokane Indians batting - Pitching for Chicago (NYP) White Sox : RHP Yasushi Osumi
|
Batting: RHB Aaron Graham
|
0-0: Ball 1-0: Called Strike 1-1: Foul Ball, location: 2F 1-2: Foul Ball, location: 2F 1-2: Foul Ball, location: 2F 1-2: SINGLE (Flyball, 8LS, EV 96.9 MPH)
|
Batting: SHB Isaiah Cherry
|
0-0: Ball 1-0: Called Strike 1-1: Ball 2-1: Foul Ball, location: 2F 2-2: Foul Ball, location: 2F 2-2: Foul Ball, location: 2F 2-2: Foul Ball, location: 2F 2-2: Foul Ball, location: 2F 2-2: Fly out, F8 (Flyball, 8LD, EV 86.9 MPH)
|
Batting: LHB Walter Vegter
|
0-0: Called Strike 0-1: Ball Aaron Graham steals 2nd base 1-1: Called Strike 1-2: Strikes out looking
|
Batting: RHB Rick Concha
|
0-0: Swinging Strike 0-1: Ball Passed Ball! Aaron Graham to third 1-1: Fly out, F9 (Flyball, 9, EV 80.6 MPH)
|
Top of the 3rd over - 0 runs, 1 hit, 0 errors, 1 left on base; Spokane 0 - Chicago (NYP) 0 |
BOTTOM OF THE 3RD |
Chicago (NYP) White Sox batting - Pitching for Spokane Indians : RHP Raul Sanchez
|
Batting: RHB Kunimatsu Oya
|
0-0: Called Strike 0-1: Ball 1-1: Foul Ball, location: 2F 1-2: Foul Ball, location: 2F 1-2: Strikes out looking
|
Batting: SHB Tomas Caldera
|
0-0: Called Strike 0-1: Ball 1-1: Fly out, F7 (Flyball, 78D, EV 89.4 MPH)
|
Batting: SHB Veit Geisler
|
0-0: Foul Ball, location: 2F 0-1: Called Strike 0-2: Strikes out swinging
|
Bottom of the 3rd over - 0 runs, 0 hits, 0 errors, 0 left on base; Spokane 0 - Chicago (NYP) 0 |
TOP OF THE 4TH |
Spokane Indians batting - Pitching for Chicago (NYP) White Sox : RHP Yasushi Osumi
|
Batting: RHB Mike Thornton
|
0-0: Ball 1-0: Called Strike 1-1: Called Strike 1-2: Foul Ball, location: 2F 1-2: Ball 2-2: SINGLE (Groundball, 13S, EV 63.8 MPH) (infield hit)
|
Batting: LHB Nick Foutz
|
0-0: Called Strike 0-1: Ball 1-1: Foul Ball, location: 2F 1-2: Strikes out swinging Mike Thornton steals 2nd base Batter strikes out.
|
Batting: LHB Mike Sammons
|
0-0: Ball 1-0: Ball 2-0: SINGLE (Line Drive, 7S, EV 91.2 MPH) Mike Thornton to third
|
Batting: RHB Vinny Luna
|
0-0: 3-RUN HOME RUN (Flyball, 78XD, EV 115.6 MPH), Distance : 442 ft
|
Batting: RHB Jason Swisher
|
0-0: Called Strike 0-1: Swinging Strike 0-2: Foul Ball, location: 2F 0-2: Strikes out swinging
|
Batting: RHB Aaron Graham
|
0-0: Called Strike 0-1: Ball 1-1: Swinging Strike 1-2: Ball 2-2: Strikes out swinging
|
Top of the 4th over - 3 runs, 3 hits, 0 errors, 0 left on base; Spokane 3 - Chicago (NYP) 0 |
BOTTOM OF THE 4TH |
Chicago (NYP) White Sox batting - Pitching for Spokane Indians : RHP Raul Sanchez
|
Batting: RHB Tony Garcia
|
0-0: Ball 1-0: Called Strike 1-1: Foul Ball, location: 2F 1-2: Foul Ball, location: 2F 1-2: Ball 2-2: Ball 3-2: Foul Ball, location: 2F 3-2: SINGLE (Line Drive, 4M, EV 93.8 MPH)
|
Batting: SHB Andres Agudo
|
0-0: Called Strike 0-1: Foul Ball, location: 2F 0-2: Ball 1-2: Foul Ball, location: 2F 1-2: Fly out, F9 (Flyball, 9LS, EV 85.0 MPH)
|
Batting: RHB Tyrell Camp
|
0-0: Foul Ball, location: 2F 0-1: Foul Ball, location: 2F 0-2: Strikes out swinging
|
Batting: LHB Steve Roepke
|
0-0: Ball 1-0: Called Strike 1-1: Ball 2-1: Ball 3-1: Swinging Strike 3-2: Base on Balls Tony Garcia to second
|
Batting: RHB Yorkis Saiki
|
0-0: Swinging Strike 0-1: Ball 1-1: Foul Ball, location: 2F 1-2: Ball 2-2: Strikes out looking
|
Bottom of the 4th over - 0 runs, 1 hit, 0 errors, 2 left on base; Spokane 3 - Chicago (NYP) 0 |
TOP OF THE 5TH |
Spokane Indians batting - Pitching for Chicago (NYP) White Sox : RHP Yasushi Osumi
|
Batting: SHB Isaiah Cherry
|
0-0: Ball 1-0: Ball 2-0: Foul Ball, location: 2F 2-1: Foul Ball, location: 2F 2-2: Foul Ball, location: 2F 2-2: Strikes out swinging
|
Batting: LHB Walter Vegter
|
0-0: Swinging Strike 0-1: Ball 1-1: Ball 2-1: Swinging Strike 2-2: Foul Ball, location: 2F 2-2: Foul Ball, location: 2F 2-2: Strikes out looking
|
Batting: RHB Rick Concha
|
0-0: Ball 1-0: Fly out, F3 (Flyball, 3D, EV 90.6 MPH)
|
Top of the 5th over - 0 runs, 0 hits, 0 errors, 0 left on base; Spokane 3 - Chicago (NYP) 0 |
BOTTOM OF THE 5TH |
Chicago (NYP) White Sox batting - Pitching for Spokane Indians : RHP Raul Sanchez
|
Batting: RHB Jake Feinstein
|
0-0: Ball 1-0: Ball 2-0: Foul Ball, location: 2F 2-1: Called Strike 2-2: Foul Ball, location: 2F 2-2: Foul Ball, location: 2F 2-2: Ball 3-2: Foul Ball, location: 2F 3-2: Foul Ball, location: 2F 3-2: Fly out, F3 (Popup, 3, EV 65.6 MPH)
|
Batting: RHB Kunimatsu Oya
|
0-0: Foul Ball, location: 2F 0-1: DOUBLE (Line Drive, 89D, EV 105.6 MPH)
|
Batting: SHB Tomas Caldera
|
0-0: Ball 1-0: Ball 2-0: Foul Ball, location: 2F 2-1: Swinging Strike 2-2: Foul Ball, location: 2F 2-2: Strikes out looking
|
Batting: SHB Veit Geisler
|
0-0: Ball 1-0: Swinging Strike 1-1: Foul Ball, location: 2F 1-2: Ball 2-2: Strikes out looking
|
Bottom of the 5th over - 0 runs, 1 hit, 0 errors, 1 left on base; Spokane 3 - Chicago (NYP) 0 |
TOP OF THE 6TH |
Spokane Indians batting - Pitching for Chicago (NYP) White Sox : RHP Yasushi Osumi
|
Batting: RHB Mike Thornton
|
0-0: Ball 1-0: Ball 2-0: Called Strike 2-1: Ball 3-1: Ground out 6-3 (Groundball, 6, EV 88.8 MPH)
|
Pitching: LHP Marquise Barretti
|
|
Batting: LHB Nick Foutz
|
0-0: Ball 1-0: Ground out 2-3 (Groundball, 2R, EV 70.0 MPH)
|
Batting: LHB Mike Sammons
|
0-0: Ball 1-0: Swinging Strike 1-1: Foul Ball, location: 2F 1-2: Ball 2-2: Strikes out looking
|
Top of the 6th over - 0 runs, 0 hits, 0 errors, 0 left on base; Spokane 3 - Chicago (NYP) 0 |
BOTTOM OF THE 6TH |
Chicago (NYP) White Sox batting - Pitching for Spokane Indians : RHP Raul Sanchez
|
Pitching: LHP Mario Castro
|
|
Batting: RHB Tony Garcia
|
0-0: Called Strike 0-1: Called Strike 0-2: Ball 1-2: Ball 2-2: Ball 3-2: Foul Ball, location: 2F 3-2: Foul Ball, location: 2F 3-2: Ground out 6-3 (Groundball, 6M, EV 106.2 MPH)
|
Batting: SHB Andres Agudo
|
0-0: Called Strike 0-1: Foul Ball, location: 2F 0-2: Foul Ball, location: 2F 0-2: Foul Ball, location: 2F 0-2: Ball 1-2: Ground out 5-3 (Groundball, 5L, EV 98.1 MPH)
|
Batting: RHB Tyrell Camp
|
0-0: Ball 1-0: Swinging Strike 1-1: Foul Ball, location: 2F 1-2: Ball 2-2: Foul Ball, location: 2F 2-2: Ball 3-2: Fly out, F3 (Popup, 3SF, EV 87.5 MPH)
|
Bottom of the 6th over - 0 runs, 0 hits, 0 errors, 0 left on base; Spokane 3 - Chicago (NYP) 0 |
TOP OF THE 7TH |
Spokane Indians batting - Pitching for Chicago (NYP) White Sox : LHP Marquise Barretti
|
Batting: RHB Vinny Luna
|
0-0: Called Strike 0-1: Ball 1-1: Foul Ball, location: 2F 1-2: Ball 2-2: Ball 3-2: Foul Ball, location: 2F 3-2: Strikes out swinging
|
Batting: RHB Jason Swisher
|
0-0: Foul Ball, location: 2F 0-1: Called Strike 0-2: Foul Ball, location: 2F 0-2: Foul Ball, location: 2F 0-2: Fly out, F8 (Line Drive, 8LM, EV 99.4 MPH)
|
Batting: RHB Aaron Graham
|
0-0: Called Strike 0-1: Ground out 6-3 (Groundball, 6, EV 85.6 MPH)
|
Top of the 7th over - 0 runs, 0 hits, 0 errors, 0 left on base; Spokane 3 - Chicago (NYP) 0 |
BOTTOM OF THE 7TH |
Chicago (NYP) White Sox batting - Pitching for Spokane Indians : LHP Mario Castro
|
Batting: LHB Steve Roepke
|
0-0: Called Strike 0-1: Foul Ball, location: 2F 0-2: Ball 1-2: Ground out 3-1 (Groundball, 34, EV 100.6 MPH)
|
Batting: RHB Yorkis Saiki
|
0-0: Ball 1-0: Ball 2-0: Swinging Strike 2-1: Ball 3-1: Foul Ball, location: 2F 3-2: Strikes out swinging
|
Batting: RHB Jake Feinstein
|
0-0: Ball 1-0: Swinging Strike 1-1: Ball 2-1: Foul Ball, location: 2F 2-2: Strikes out swinging
|
Bottom of the 7th over - 0 runs, 0 hits, 0 errors, 0 left on base; Spokane 3 - Chicago (NYP) 0 |
TOP OF THE 8TH |
Spokane Indians batting - Pitching for Chicago (NYP) White Sox : LHP Marquise Barretti
|
Batting: SHB Isaiah Cherry
|
0-0: Swinging Strike 0-1: Ball 1-1: Foul Ball, location: 2F 1-2: Ball 2-2: Foul Ball, location: 2F 2-2: Ball 3-2: Foul Ball, location: 2F 3-2: SINGLE (Line Drive, 34D, EV 98.8 MPH)
|
Batting: LHB Walter Vegter
|
0-0: Called Strike Isaiah Cherry is caught stealing 2nd base 2-6 0-1: Ball 1-1: Ground out 1-3 (Groundball, 13, EV 63.8 MPH)
|
Batting: RHB Rick Concha
|
0-0: Called Strike 0-1: Ball 1-1: Foul Ball, location: 2F 1-2: Ball 2-2: SOLO HOME RUN (Flyball, 78XD, EV 109.4 MPH), Distance : 427 ft
|
Batting: RHB Mike Thornton
|
0-0: Foul Ball, location: 2F 0-1: Ball 1-1: Foul Ball, location: 2F 1-2: Ball 2-2: SOLO HOME RUN (Flyball, 7D, EV 105.0 MPH), Distance : 397 ft
|
Batting: LHB Nick Foutz
|
0-0: Ground out 4-3 (Groundball, 34, EV 100.6 MPH)
|
Top of the 8th over - 2 runs, 3 hits, 0 errors, 0 left on base; Spokane 5 - Chicago (NYP) 0 |
BOTTOM OF THE 8TH |
Chicago (NYP) White Sox batting - Pitching for Spokane Indians : LHP Mario Castro
|
Batting: RHB Kunimatsu Oya
|
0-0: Ball 1-0: Foul Ball, location: 2F 1-1: Ground out 6-3 (Groundball, 6, EV 87.5 MPH)
|
Batting: SHB Tomas Caldera
|
0-0: Called Strike 0-1: Called Strike 0-2: Foul Ball, location: 2F 0-2: Ball 1-2: Fly out, F7 (Flyball, 7S, EV 78.8 MPH)
|
Batting: SHB Veit Geisler
|
0-0: Called Strike 0-1: Foul Ball, location: 2F 0-2: Ball 1-2: TRIPLE (Flyball, 78XD, EV 86.9 MPH)
|
Pitching: LHP Tommy Hall
|
|
Batting: RHB Tony Garcia
|
0-0: Ball 1-0: Ball 2-0: Ball 3-0: Base on Balls
|
Batting: SHB Andres Agudo
|
0-0: Ball 1-0: Called Strike 1-1: Foul Ball, location: 2F 1-2: Fly out, F8 (Flyball, 8RS, EV 90.0 MPH)
|
Bottom of the 8th over - 0 runs, 1 hit, 0 errors, 2 left on base; Spokane 5 - Chicago (NYP) 0 |
TOP OF THE 9TH |
Spokane Indians batting - Pitching for Chicago (NYP) White Sox : LHP Marquise Barretti
|
Pinch Hitting: RHB Danny Odom
|
0-0: Called Strike 0-1: Foul Ball, location: 2F 0-2: Ball 1-2: Foul Ball, location: 2F 1-2: Ball 2-2: Ball 3-2: Foul Ball, location: 2F 3-2: Strikes out swinging
|
Batting: RHB Vinny Luna
|
0-0: Ball 1-0: Swinging Strike 1-1: Ball 2-1: Fly out, F9 (Line Drive, 89S, EV 96.2 MPH)
|
Batting: RHB Jason Swisher
|
0-0: Foul Ball, location: 2F 0-1: Called Strike 0-2: Ball 1-2: Strikes out swinging
|
Top of the 9th over - 0 runs, 0 hits, 0 errors, 0 left on base; Spokane 5 - Chicago (NYP) 0 |
BOTTOM OF THE 9TH |
Chicago (NYP) White Sox batting - Pitching for Spokane Indians : LHP Tommy Hall
|
Now at C: Edwin Soto
|
|
Batting: RHB Tyrell Camp
|
0-0: Ball 1-0: Ball 2-0: Ground out 6-3 (Groundball, 6S, EV 93.1 MPH)
|
Batting: LHB Steve Roepke
|
0-0: Ball 1-0: Ground out 4-3 (Groundball, 4, EV 85.6 MPH)
|
Batting: RHB Yorkis Saiki
|
0-0: Called Strike 0-1: SINGLE (Groundball, P, EV 89.4 MPH) (infield hit)
|
Batting: RHB Jake Feinstein
|
0-0: Fielders Choice at 2nd, 6-4 (Groundball, 6, EV 98.8 MPH)
|
Bottom of the 9th over - 0 runs, 1 hit, 0 errors, 1 left on base; Spokane 5 - Chicago (NYP) 0 |
|